 Dungeon Crawl Stone Soup version 0.28.0-53-g5a82cb258f (webtiles) character file.

Game seed: 6430290437462147006

507 Destapler the Gusty (level 6, -2/48 HPs)
             Began as a Draconian Air Elementalist on May 19, 2022.
             Was a Priest of Zin.
             Slain by Edmund
             ... wielding a +5 dire flail of protection
              (15 damage)
             ... on level 6 of the Dungeon on July 18, 2022.
             The game lasted 00:28:34 (5608 turns).

Destapler the Gusty (Draconian Air Elementalist)    Turns: 5608, Time: 00:28:36

Health: -2/48      AC:  6    Str: 10    XL:     6   Next: 97%
Magic:  4/10       EV: 12    Int: 18    God:    Zin [***...]
Gold:   179        SH:  0    Dex: 11    Spells: 10/11 levels left

rFire   . . .      SeeInvis .   a - +2 short sword (flame)
rCold   . . .      Faith    .   (no shield)
rNeg    . . .      Spirit   .   (armour unavailable)
rPois   .          Reflect  .   (helmet restricted)
rElec   .          Harm     .   k - scarf {+Inv}
rCorr   .          Rampage  .   (no gloves)
Will    .....                   (no boots)
Stlth   ++........              (no amulet)
HPRegen 0.16/turn               c - ring of wizardry
MPRegen 0.12/turn               (no ring)

@: on recite cooldown
A: AC +6, unfitting armour, cold-blooded
a: Renounce Religion, Evoke Invisibility, Recite, Vitalisation, Imprison, Donate
Gold


You were on level 6 of the Dungeon.
You worshipped Zin.
Zin was most pleased with you.
You visited 1 branch of the dungeon, and saw 6 of its levels.

You collected 198 gold pieces.
You donated 19 gold pieces to Zin.

Inventory:

Hand Weapons
 a - a +2 short sword of flaming (weapon)
Armour
 k - a scarf of invisibility (worn)
Jewellery
 c - a ring of wizardry (left hand)
Wands
 m - a wand of iceblast (6)
 s - a wand of digging (5)
Scrolls
 d - 2 scrolls of holy word {unknown}
 e - a scroll of summoning {unknown}
 f - a scroll of magic mapping {unknown}
 j - 4 scrolls of teleportation {unknown}
 o - a scroll of noise {unknown}
 q - a scroll of enchant armour {unknown}
 r - a scroll of silence {unknown}
Potions
 b - a potion of heal wounds
 g - a potion of flight
 h - a potion of might {unknown}
 i - a potion of degeneration {unknown}
 l - a potion of ambrosia
 n - 2 potions of experience {unknown}
 p - a potion of curing {unknown}
 t - 2 potions of resistance {unknown}
 u - a potion of attraction {unknown}


   Skills:
 + Level 2.2 Fighting
 + Level 2.1 Short Blades
 + Level 2.9 Dodging
 - Level 3.0 Stealth
 - Level 3.0 Spellcasting
 + Level 2.8 Conjurations
 + Level 4.1 Air Magic
 + Level 1.2 Invocations
 + Level 1.5 Evocations


You had 10 spell levels left.
You knew the following spells:

 Your Spells              Type           Power      Damage    Failure   Level
a - Shock                 Conj/Air       60%        1d6       1%          1

Your spell library contained the following spells:

 Spells                   Type           Power      Damage    Failure   Level
 Magic Dart               Conj           52%        1d5       1%          1
 Static Discharge         Conj/Air       15%        N/A       2%          2
 Searing Ray              Conj           26%        2d5       3%          2
 Swiftness                Air            17%        N/A       3%          3
 Airstrike                Air            8%         N/A       12%         4
 Fulminant Prism          Conj/Hex       3%         3d6       32%         4


Dungeon Overview and Level Annotations

Branches:
Dungeon (6/15)             Temple (0/1) D:5

Altars:
Kikubaaqudgha
Makhleb
Ru
Trog
Vehumet
Wu Jian
Zin

Annotations:
D:6 Edmund


Innate Abilities, Weirdness & Mutations

Your plain brown scales are hard. (AC +6)
You cannot fit into any form of body armour.
You are cold-blooded and may be slowed by cold attacks.


Message History

You clear your throat and prepare to recite. "Damned, damned be the squalid dregs and..."
Edmund barely misses you.
Casting: Shock (safe; 1% risk of failure)
Confirm with . or Enter, or press ? or * to list all spells.
Aiming: Shock (safe; 1% risk of failure)
Press: ? - help, Shift-Dir - straight line
Okay, then.
Finish your current sermon first, please.
Casting: Shock (safe; 1% risk of failure)
Confirm with . or Enter, or press ? or * to list all spells.
Aiming: Shock (safe; 1% risk of failure)
Press: ? - help, Shift-Dir - straight line The zap hits Edmund.
Edmund is heavily wounded.
The zap misses Edmund. "...all else who abandon cleanliness!
Let them..."
Edmund barely misses you.
Casting: Shock (safe; 1% risk of failure)
Confirm with . or Enter, or press ? or * to list all spells.
Aiming: Shock (safe; 1% risk of failure)
Press: ? - help, Shift-Dir - straight line The zap hits Edmund.
Edmund is heavily wounded.
The zap hits Edmund.
Edmund is severely wounded. "...be struck down by the jurisprudence of Zin!"
You finish reciting Ablutions 8:12.
Edmund hits you with a +5 dire flail of protection!
* * * LOW HITPOINT WARNING * * *
Casting: Shock (safe; 1% risk of failure)
Confirm with . or Enter, or press ? or * to list all spells.
Aiming: Shock (safe; 1% risk of failure)
Press: ? - help, Shift-Dir - straight line The zap hits Edmund.
Edmund is severely wounded.
The zap hits Edmund.
Edmund is severely wounded.
Edmund hits you with a +5 dire flail of protection!
You die...

#. .. #. ..# #.
..# ##.##.. #
##...#.#.#
##......#.####
###.<.......[...
........@..#####
###....<@..#...$
##.......#..$.
##...#..#."_)
#...##..#.$..
##.# #.#$$.. #.
.###+# #. ......
.. ......


You could see Edmund.

Vanquished Creatures
  A wyvern (D:5)
  A scorpion (D:5)
  An orc priest (D:5)
  A bullfrog zombie (D:5)
  A hound (D:5)
  A jelly (D:5)
  Robin (D:2)
  2 adders
  6 gnolls
  A worm (D:2)
  12 orcs
  5 ball pythons
  4 endoplasms
  A giant cockroach (D:1)
  9 hobgoblins
  3 jackals
  A quokka (D:1)
  5 bats
  6 frilled lizards
  13 goblins
  5 kobolds
  4 rats
84 creatures vanquished.

Notes
Turn   | Place    | Note
-------+----------+-------------------------------------------
     0 | D:1      | Destapler the Draconian Air Elementalist began the quest
                  | for the Orb.
     0 | D:1      | Reached XP level 1. HP: 14/14 MP: 3/3
   323 | D:1      | Reached XP level 2. HP: 20/20 MP: 3/5
  1493 | D:2      | Reached XP level 3. HP: 20/26 MP: 2/6
  2257 | D:3      | Found a faded altar of an unknown god.
  2264 | D:3      | Prayed at the altar of an unknown god.
  2264 | D:3      | Became a worshipper of Zin the Law-Giver
  2264 | D:3      | Reached * piety under Zin
  2279 | D:3      | Noticed Robin
  2639 | D:2      | Killed Robin
  2640 | D:2      | Reached XP level 4. HP: 27/34 MP: 2/7
  2757 | D:3      | Found a large runed translucent door.
  2758 | D:3      | Found a large runed translucent door.
  2877 | D:3      | Found an ornate altar of the Wu Jian Council.
  3081 | D:3      | Found a bloodstained altar of Trog.
  3149 | D:3      | Found a radiant altar of Vehumet.
  3233 | D:4      | Reached ** piety under Zin
  3732 | D:4      | Reached skill level 1 in Fighting
  4219 | D:5      | Entered Level 5 of the Dungeon
  4289 | D:5      | Reached XP level 5. HP: 40/40 MP: 4/8
  4439 | D:5      | Reached skill level 1 in Short Blades
  4712 | D:5      | Found a burning altar of Makhleb.
  4845 | D:5      | Reached XP level 6. HP: 30/48 MP: 3/10
  5015 | D:5      | Found a sacrificial altar of Ru.
  5035 | D:5      | Noticed a wyvern
  5072 | D:5      | Killed a wyvern
  5073 | D:5      | Reached skill level 4 in Air Magic
  5073 | D:5      | Reached skill level 1 in Evocations
  5290 | D:5      | Reached skill level 1 in Invocations
  5390 | D:5      | Reached *** piety under Zin
  5402 | D:5      | Found a staircase to the Ecumenical Temple.
  5513 | D:6      | Upgraded the game from 0.28.0-49-g6dfe1f597d to
                  | 0.28.0-53-g5a82cb258f
  5598 | D:6      | Noticed Edmund
  5598 | D:6      | Found an ancient bone altar of Kikubaaqudgha.
  5608 | D:6      | Slain by Edmund

Illustrated notes

Levels and vault maps discovered:
D:1:      beargit_arrival_greenhouse, layout_loops_ring
D:2:      layout_basic
D:3:      layout_loops_ring, mainiacjoe_overflow_six_doors_small,
          jmf_multi_god_temple2, chequers_ecumenical_altar_simple_redux,
          kennysheep_generic_room_13, uniq_robin
D:4:      layout_cave_pods
D:5:      layout_basic, mainiacjoe_overflow_surrounded_room, marbit_many_paths,
          temple_green
D:6:      cheibrodos_fzero, layout_loops_ring, fedhas_altar_decomposition,
          amcnicky_altar_gilded, minmay_chambers_of_fives, uniq_duvessa,
          uniq_edmund

Skill      XL: |  1  2  3  4  5  6 |
---------------+-------------------+-----
Stealth        | 2 3 |  3.0
Dodging        | 2 |  2.9
Conjurations   | 2 |  2.8
Fighting       | 1 2 |  2.2
Short Blades   | 1 2 |  2.1
Spellcasting   | 3 |  3.0
Air Magic      | 4 |  4.1
Evocations     | 1 |  1.5
Invocations    | 1 |  1.2

Action                   |  1- 3 |  4- 6 || total
-------------------------+-------+-------++-------
Melee: Short sword       |    15 |    14 ||    29
       Punch             |     2 |       ||     2
       Tailslap          |       |     1 ||     1
 Cast: Shock             |    92 |    94 ||   186
Invok: Recite            |       |     1 ||     1
 Abil: Evoke Invisibilit |       |     1 ||     1
  Use: Scroll            |       |     3 ||     3
       Potion            |       |     1 ||     1
 Stab: Sleeping          |     5 |     3 ||     8
       Invisible         |       |     1 ||     1
Armor: Skin              |    12 |     6 ||    18
Dodge: Dodged            |    34 |    41 ||    75
